PCL
SAN JOSE MISSIONS @ HOUSTON HAMMERTIME
06/23/2028
 
TOP OF THE 1ST
San Jose Missions batting - Pitching for Houston Hammertime : RHP Joe Wilson
Pitching: RHP Joe Wilson
Batting: RHB Culley Douglas 0-0: Foul Ball, location: 2F
0-1: Ball
1-1: Ball
2-1: Ball
3-1: Swinging Strike
3-2: Base on Balls
Batting: RHB Jorge Díaz 0-0: Swinging Strike
0-1: Grounds into double play, 6-4-3 (Groundball, 6)
Batting: RHB Dale Taylor 0-0: Called Strike
0-1: Foul Ball, location: 2F
0-2: Strikes out looking
Top of the 1st over - 0 run(s), 0 hit(s), 0 error(s), 0 left on base; San Jose 0 - Houston 0
BOTTOM OF THE 1ST
Houston Hammertime batting - Pitching for San Jose Missions : RHP Luis Ortíz
Pitching: RHP Luis Ortíz
Batting: SHB Carlos Córdova 0-0: Ball
1-0: Ball
2-0: Ball
3-0: Base on Balls
Batting: RHB David Hernández 0-0: Ball
1-0: Ball
2-0: Ball
3-0: Called Strike
3-1: Base on Balls
Carlos Córdova to second
Batting: RHB Alonso Holguín 0-0: Called Strike
0-1: Swinging Strike
0-2: SINGLE (Groundball, 34D)
Carlos Córdova to third
David Hernández to second
Runner from 3rd tries for Home, SAFE, no throw
Batting: LHB Frank Geddes 0-0: Foul Ball, location: 2F
0-1: Grounds into double play, 4-6-3 (Groundball, 4)
David Hernández to third
Batting: RHB John Major 0-0: Ground out 6-3 (Groundball, 6)
Bottom of the 1st over - 1 run(s), 1 hit(s), 0 error(s), 1 left on base; San Jose 0 - Houston 1
TOP OF THE 2ND
San Jose Missions batting - Pitching for Houston Hammertime : RHP Joe Wilson
Batting: RHB Naomichi Aoki 0-0: Ball
1-0: Foul Ball, location: 2F
1-1: Foul Ball, location: 2F
1-2: Ball
2-2: Fly out, F7 (Flyball, 7S)
Batting: LHB Miguel Montés 0-0: Called Strike
0-1: Ground out 6-3 (Groundball, 6MD)
Batting: RHB Ed Starr 0-0: Ball
1-0: Ball
2-0: Swinging Strike
2-1: Ball
3-1: Foul Ball, location: 2F
3-2: Base on Balls
Batting: RHB Irwin Duncan 0-0: Called Strike
0-1: Called Strike
0-2: Strikes out looking
Top of the 2nd over - 0 run(s), 0 hit(s), 0 error(s), 1 left on base; San Jose 0 - Houston 1
BOTTOM OF THE 2ND
Houston Hammertime batting - Pitching for San Jose Missions : RHP Luis Ortíz
Batting: LHB António Camacho 0-0: Foul Ball, location: 2F
0-1: Ball
1-1: Ball
2-1: Called Strike
2-2: Strikes out swinging
Batting: RHB Dan Mason 0-0: Bunted foul
0-1: Called Strike
0-2: Strikes out swinging
Batting: RHB José García 0-0: Ball
1-0: Ball
2-0: SINGLE (Groundball, 4D)
Batting: RHB Victor Andrews 0-0: Ball
José García is caught stealing 2nd base
Bottom of the 2nd over - 0 run(s), 1 hit(s), 0 error(s), 0 left on base; San Jose 0 - Houston 1
TOP OF THE 3RD
San Jose Missions batting - Pitching for Houston Hammertime : RHP Joe Wilson
Batting: RHB José Sánchez 0-0: Foul Ball, location: 2F
0-1: Ground out 6-3 (Groundball, 6S)
Batting: RHB Miguel Mendoza 0-0: Ball
1-0: Called Strike
1-1: Called Strike
1-2: Foul Ball, location: 2F
1-2: Foul Ball, location: 2F
1-2: Strikes out swinging
Batting: RHB Culley Douglas 0-0: Ground out 6-3 (Groundball, 6)
Top of the 3rd over - 0 run(s), 0 hit(s), 0 error(s), 0 left on base; San Jose 0 - Houston 1
BOTTOM OF THE 3RD
Houston Hammertime batting - Pitching for San Jose Missions : RHP Luis Ortíz
Batting: RHB Victor Andrews 0-0: Ball
1-0: Ball
2-0: Called Strike
2-1: Ground out 5-3 (Groundball, 5)
Batting: SHB Carlos Córdova 0-0: Foul Ball, location: 2F
0-1: Ball
1-1: Ball
2-1: Ball
3-1: Base on Balls
Batting: RHB David Hernández 0-0: Called Strike
0-1: Ball
1-1: Ball
2-1: Grounds into double play, 1-6-3 (Groundball, 13)
Bottom of the 3rd over - 0 run(s), 0 hit(s), 0 error(s), 0 left on base; San Jose 0 - Houston 1
TOP OF THE 4TH
San Jose Missions batting - Pitching for Houston Hammertime : RHP Joe Wilson
Batting: RHB Jorge Díaz 0-0: Swinging Strike
0-1: Swinging Strike
0-2: Ball
1-2: Strikes out looking
Batting: RHB Dale Taylor 0-0: Called Strike
0-1: Called Strike
0-2: Fly out, F9 (Flyball, 9LS)
Batting: RHB Naomichi Aoki 0-0: Ball
1-0: Ball
2-0: Ground out 5-3 (Groundball, 56)
Top of the 4th over - 0 run(s), 0 hit(s), 0 error(s), 0 left on base; San Jose 0 - Houston 1
BOTTOM OF THE 4TH
Houston Hammertime batting - Pitching for San Jose Missions : RHP Luis Ortíz
Batting: RHB Alonso Holguín 0-0: Foul Ball, location: 2F
0-1: Ball
1-1: Ball
2-1: SINGLE (Line Drive, 6MD)
Batting: LHB Frank Geddes 0-0: Ball
1-0: Ball
2-0: Ball
3-0: Called Strike
3-1: Foul Ball, location: 2F
3-2: Base on Balls
Alonso Holguín to second
Batting: RHB John Major 0-0: Called Strike
0-1: SINGLE (Flyball, 89S)
Alonso Holguín to third
Frank Geddes to second
Batting: LHB António Camacho 0-0: Foul Ball, location: 2F
0-1: Ball
1-1: Ball
2-1: Ball
3-1: Called Strike
3-2: Fly out, F8 (Flyball, 89M)
Runner from 3rd tags up, SCORES, throw made
Batting: RHB Dan Mason 0-0: Ball
1-0: Ball
2-0: Called Strike
2-1: Fly out, F7 (Flyball, 7S)
Batting: RHB José García 0-0: Swinging Strike
0-1: Fielders Choice at 2nd, U6 (Groundball, 6M)
Bottom of the 4th over - 1 run(s), 2 hit(s), 0 error(s), 2 left on base; San Jose 0 - Houston 2
TOP OF THE 5TH
San Jose Missions batting - Pitching for Houston Hammertime : RHP Joe Wilson
Batting: LHB Miguel Montés 0-0: Called Strike
0-1: Called Strike
0-2: Foul Ball, location: 2F
0-2: Ball
1-2: Fly out, F5 (Popup, 5L)
Batting: RHB Ed Starr 0-0: Ball
1-0: Foul Ball, location: 2F
1-1: Fly out, F8 (Flyball, 8RD)
Batting: RHB Irwin Duncan 0-0: Swinging Strike
0-1: Foul Ball, location: 2F
0-2: Ball
1-2: Foul Ball, location: 2F
1-2: Ball
2-2: SINGLE (Groundball, 56D)
Batting: RHB José Sánchez 0-0: Ball
Irwin Duncan steals 2nd base
1-0: Called Strike
1-1: Fly out, F9 (Flyball, 9)
Top of the 5th over - 0 run(s), 1 hit(s), 0 error(s), 1 left on base; San Jose 0 - Houston 2
BOTTOM OF THE 5TH
Houston Hammertime batting - Pitching for San Jose Missions : RHP Luis Ortíz
Batting: RHB Victor Andrews 0-0: Called Strike
0-1: Ball
1-1: Ball
2-1: Ball
3-1: Base on Balls
Batting: SHB Carlos Córdova 0-0: Swinging Strike
0-1: Foul Ball, location: 2F
0-2: Ball
1-2: Fielders Choice at 2nd, 4-6 (Groundball, 4)
Batting: RHB David Hernández 0-0: Ball
1-0: Called Strike
1-1: Grounds into double play, 4-6-3 (Groundball, 4)
Bottom of the 5th over - 0 run(s), 0 hit(s), 0 error(s), 0 left on base; San Jose 0 - Houston 2
TOP OF THE 6TH
San Jose Missions batting - Pitching for Houston Hammertime : RHP Joe Wilson
Batting: RHB Miguel Mendoza 0-0: Swinging Strike
0-1: Ball
1-1: Ball
2-1: Foul Ball, location: 2F
2-2: SINGLE (Line Drive, 9S)
Batting: RHB Culley Douglas 0-0: Ball
1-0: Foul Ball, location: 2F
1-1: Swinging Strike
1-2: Grounds into double play, 5-4-3 (Groundball, 5)
Batting: RHB Jorge Díaz 0-0: Ground out 5-3 (Groundball, 56)
Top of the 6th over - 0 run(s), 1 hit(s), 0 error(s), 0 left on base; San Jose 0 - Houston 2
BOTTOM OF THE 6TH
Houston Hammertime batting - Pitching for San Jose Missions : RHP Luis Ortíz
Batting: RHB Alonso Holguín 0-0: Ball
1-0: Called Strike
1-1: Ball
2-1: DOUBLE (Line Drive, 89D)
Batting: LHB Frank Geddes 0-0: Ground out U3 (Groundball, 3)
Alonso Holguín to third
Batting: RHB John Major 0-0: Ball
1-0: Ball
2-0: Ball
3-0: Called Strike
3-1: Foul Ball, location: 2F
3-2: Base on Balls
Batting: LHB António Camacho 0-0: Ball
1-0: Called Strike
1-1: Called Strike
1-2: Foul Ball, location: 2F
1-2: Ball
2-2: Ground out 4-3 (Groundball, 4S)
Alonso Holguín scores
John Major to second
Batting: RHB Dan Mason 0-0: Ball
1-0: Swinging Strike
1-1: Ball
2-1: Ball
3-1: Ground out 5-3 (Groundball, 56)
Bottom of the 6th over - 1 run(s), 1 hit(s), 0 error(s), 1 left on base; San Jose 0 - Houston 3
TOP OF THE 7TH
San Jose Missions batting - Pitching for Houston Hammertime : RHP Joe Wilson
Batting: RHB Dale Taylor 0-0: Ball
1-0: Called Strike
1-1: Fly out, F7 (Flyball, 78S)
Batting: RHB Naomichi Aoki 0-0: Called Strike
0-1: Ball
1-1: Foul Ball, location: 2F
1-2: Strikes out swinging
Batting: LHB Miguel Montés 0-0: Swinging Strike
0-1: Ball
1-1: Ball
2-1: Ground out 6-3 (Groundball, 6M)
Top of the 7th over - 0 run(s), 0 hit(s), 0 error(s), 0 left on base; San Jose 0 - Houston 3
BOTTOM OF THE 7TH
Houston Hammertime batting - Pitching for San Jose Missions : RHP Luis Ortíz
Pitching: RHP José Reyes
Batting: RHB José García 0-0: Ball
1-0: Swinging Strike
1-1: Foul Ball, location: 2F
1-2: SINGLE (Groundball, 4MD)
Batting: RHB Victor Andrews 0-0: Bunted foul
0-1: Ball
1-1: Ball
2-1: Ball
3-1: Sac Bunt - play at first, batter OUT! 5-4
José García to second
Batting: SHB Carlos Córdova 0-0: Ball
José García steals 3rd base
1-0: Called Strike
1-1: Called Strike
1-2: Ball
2-2: Ball
3-2: SINGLE (Groundball, 34D)
José García scores
Batting: RHB David Hernández 0-0: Ball
1-0: Called Strike
1-1: DOUBLE (Line Drive, 8LXD)
Carlos Córdova to third
Batting: RHB Alonso Holguín 0-0: Ball
1-0: Ball
2-0: SINGLE (Groundball, 34S) (infield hit)
Carlos Córdova scores
David Hernández to third
Batting: LHB Frank Geddes 0-0: Foul Ball, location: 2F
0-1: Swinging Strike
0-2: Ball
1-2: Foul Ball, location: 2F
1-2: Ball
2-2: Ball
3-2: SINGLE (Groundball, 4MD)
David Hernández scores
Alonso Holguín to second
Batting: RHB John Major 0-0: SINGLE (Groundball, 34D)
Alonso Holguín to third
Frank Geddes to second
Runner from 3rd tries for Home, SAFE, throw made home
Pitching: LHP Morgan O'Day
Batting: LHB António Camacho 0-0: Ball
1-0: Foul Ball, location: 2F
1-1: Foul Ball, location: 2F
1-2: Hit by Pitch
Frank Geddes to third
John Major to second
Batting: RHB Dan Mason 0-0: GRAND SLAM HOME RUN (Flyball, 7D), Distance : 359 ft
Batting: RHB José García 0-0: Foul Ball, location: 2F
0-1: Fly out, F9 (Flyball, 9LS)
Batting: RHB Victor Andrews 0-0: Ball
1-0: Called Strike
1-1: Ground out 6-3 (Groundball, 6)
Bottom of the 7th over - 8 run(s), 7 hit(s), 0 error(s), 0 left on base; San Jose 0 - Houston 11
TOP OF THE 8TH
San Jose Missions batting - Pitching for Houston Hammertime : RHP Joe Wilson
Now in CF: Pedro Meza
Batting: RHB Ed Starr 0-0: Ball
1-0: Swinging Strike
1-1: Ball
2-1: SINGLE (Line Drive, 6D)
Batting: RHB Irwin Duncan 0-0: Ball
1-0: Grounds into double play, 6-4-3 (Groundball, 6)
Batting: RHB José Sánchez 0-0: Foul Ball, location: 2F
0-1: Ball
1-1: Called Strike
1-2: Foul Ball, location: 2F
1-2: Foul Ball, location: 2F
1-2: Strikes out swinging passed ball, reaches first!
Pitching: RHP Dae-hee Ch'oe
Batting: RHB Miguel Mendoza 0-0: Ball
1-0: Ball
2-0: Foul Ball, location: 2F
2-1: Fly out, F8 (Flyball, 78M)
Top of the 8th over - 0 run(s), 1 hit(s), 0 error(s), 1 left on base; San Jose 0 - Houston 11
BOTTOM OF THE 8TH
Houston Hammertime batting - Pitching for San Jose Missions : LHP Morgan O'Day
Batting: SHB Carlos Córdova 0-0: Ball
1-0: Foul Ball, location: 2F
1-1: Ball
2-1: Ball
3-1: Fly out, F6 (Line Drive, 6)
Batting: RHB David Hernández 0-0: Ball
1-0: Swinging Strike
1-1: Foul Ball, location: 2F
1-2: Ground out 6-3 (Groundball, 6M)
Pinch Hitting: RHB Santo Cruz 0-0: Called Strike
0-1: Ground out 6-3 (Groundball, 6)
Bottom of the 8th over - 0 run(s), 0 hit(s), 0 error(s), 0 left on base; San Jose 0 - Houston 11
TOP OF THE 9TH
San Jose Missions batting - Pitching for Houston Hammertime : RHP Dae-hee Ch'oe
Now in RF: José Esparza
Batting: RHB Culley Douglas 0-0: Ball
1-0: Ball
2-0: Ball
3-0: Called Strike
3-1: Called Strike
3-2: Foul Ball, location: 2F
3-2: Strikes out looking
Batting: RHB Jorge Díaz 0-0: Ground out 5-3 (Groundball, 56S)
Batting: RHB Dale Taylor 0-0: Called Strike
0-1: Ball
1-1: Fly out, F9 (Flyball, 89D)
Top of the 9th over - 0 run(s), 0 hit(s), 0 error(s), 0 left on base; San Jose 0 - Houston 11
Tuesday, August 8th, 2017 - OOTP Baseball 17.12 Build 75